[Event "ICC tourney 2516 (60 10)"]
[Site "Internet Chess Club"]
[Date "2021.04.17"]
[Round "3"]
[White "SPEDALIERI, JULIAN N:julians2012"]
[Black "DUNIKOV, DAVID EUGENE:DavidNest"]
[Result "0-1"]
[ICCResult "White checkmated"]
[WhiteElo "1087"]
[BlackElo "1230"]
[Opening "English: Anglo-Dutch defense"]
[ECO "A10"]
[NIC "HD.14"]
[Time "16:30:37"]
[PlyCount "42"]
[TimeControl "3600+10"]

1. c4 f5 2. g3 Nf6 3. Bg2 g6 4. Nc3 Bg7 5. d4 O-O 6. Nf3 Qe8 7. O-O d6 8.
Qc2 e5 9. dxe5 dxe5 10. e4 Nc6 11. Qb3 fxe4 12. Ng5 Nd4 13. Qa4 Bd7 14. Qd1
Rd8 15. Ncxe4 Nxe4 16. Nxe4 Bc6 17. Bd2 Qf7 18. Ng5 Qf5 19. Bh3 Nf3+ 20.
Nxf3 Qxh3 21. Nxe5 Qg2# { White checkmated } 0-1

[Event "ICC tourney 2516 (60 10)"]
[Site "Internet Chess Club"]
[Date "2021.04.17"]
[Round "3"]
[White "SINGH, JIYAN:mithu542"]
[Black "SKELCHER, OLIVER:oliverskelcher"]
[Result "0-1"]
[ICCResult "White checkmated"]
[WhiteElo "575"]
[BlackElo "778"]
[Opening "Caro-Kann: Gurgenidze system"]
[ECO "B15"]
[NIC "CK.05"]
[Time "16:30:36"]
[PlyCount "154"]
[TimeControl "3600+10"]

1. e4 c6 2. d4 d5 3. Nc3 g6 4. Nf3 Bg4 5. h3 Bxf3 6. Qxf3 dxe4 7. Nxe4 Bg7
8. Be3 Bxd4 9. Bxd4 Qxd4 10. c3 Qe5 11. Bd3 f5 12. O-O fxe4 13. Bxe4 Nf6
14. Rfe1 Nxe4 15. Qxe4 Qxe4 16. Rxe4 Nd7 17. Rd1 Rd8 18. Red4 e5 19. Rd6
Ke7 20. Kf1 Nb6 21. R6d3 Rxd3 22. Rxd3 Rf8 23. Re3 Nc4 24. Re4 Nd2+ 25. Ke2
Nxe4 26. Ke3 Nxf2 27. Kd2 e4 28. Ke3 Ke6 29. Kd2 Ke5 30. Ke3 Kf5 31. Kxf2
Kf4 32. Ke2 e3 33. b4 Rd8 34. g4 Rd2+ 35. Ke1 Kf3 36. h4 Ke4 37. h5 Kd3 38.
hxg6 hxg6 39. g5 Rxa2 40. Kf1 e2+ 41. Kf2 e1=Q+ 42. Kxe1 Ke3 43. Kf1 Kf3
44. Ke1 Ke3 45. Kf1 Ra1+ 46. Kg2 Kf4 47. Kf2 Ra2+ 48. Ke1 Ke3 49. Kf1 Re2
50. c4 Kf3 51. c5 b6 52. cxb6 axb6 53. Kg1 Rf2 54. Kh1 Kg3 55. Kg1 Rb2 56.
Kf1 Rxb4 57. Ke1 Rb2 58. Kd1 c5 59. Kc1 Rh2 60. Kd1 c4 61. Kc1 c3 62. Kd1
c2+ 63. Kc1 b5 64. Kb2 b4 65. Kc1 b3 66. Kb2 Kf3 67. Kc1 Ke3 68. Kb2 Kd2
69. Ka3 c1=Q+ 70. Kxb3 Rh3+ 71. Kb4 Rh4+ 72. Kb5 Qb2+ 73. Kc5 Qc3+ 74. Kd5
Rh5 75. Ke4 Rxg5 76. Kf4 Qg3+ 77. Ke4 Qg4# { White checkmated } 0-1

[Event "ICC tourney 2516 (60 10)"]
[Site "Internet Chess Club"]
[Date "2021.04.17"]
[Round "3"]
[White "PAWAR, AVIN A:PS33ChessNinja"]
[Black "LAVALLEE, ETHAN:FixedTooth"]
[Result "1-0"]
[ICCResult "Black checkmated"]
[WhiteElo "879"]
[BlackElo "321"]
[Opening "Giuoco Pianissimo"]
[ECO "C55"]
[NIC "IG.01"]
[Time "16:30:40"]
[PlyCount "41"]
[TimeControl "3600+10"]

1. e4 e5 2. Nf3 Nc6 3. Bc4 Nf6 4. d3 Bc5 5. O-O d6 6. h3 Be6 7. Bb3 Nd4 8.
Nxd4 Bxd4 9. Bg5 h6 10. Bh4 Qe7 11. Qf3 Bxb2 12. Nd2 Bxa1 13. Rxa1 O-O-O
14. Nc4 Bxc4 15. Bxc4 g5 16. Bg3 h5 17. Qe3 g4 18. Qxa7 Kd7 19. Qxb7 Rb8
20. Bb5+ Kd8 21. Qxb8# { Black checkmated } 1-0

[Event "ICC tourney 2516 (60 10)"]
[Site "Internet Chess Club"]
[Date "2021.04.17"]
[Round "3"]
[White "KHAN, SAARIM YANAAL:Themarvelman"]
[Black "PRASERTSOM, AUGUST SAHARAT:August2012"]
[Result "1-0"]
[ICCResult "Black checkmated"]
[WhiteElo "683"]
[BlackElo "1013"]
[Opening "Four knights: Spanish, classical defense"]
[ECO "C48"]
[NIC "KP.03"]
[Time "16:31:48"]
[PlyCount "151"]
[TimeControl "3600+10"]

1. e4 e5 2. Nf3 Nc6 3. Nc3 Nf6 4. Bb5 Bc5 5. Nxe5 Nxe5 6. d4 Bxd4 7. Qxd4
Nc6 8. Bxc6 bxc6 9. e5 Qe7 10. O-O Nd5 11. Nxd5 cxd5 12. Qxd5 c6 13. Qd6
Qxd6 14. exd6 O-O 15. Re1 Ba6 16. Bf4 Rfe8 17. c3 Kf8 18. Bg5 Rxe1+ 19.
Rxe1 f6 20. Be3 Kf7 21. Bc5 Re8 22. Re7+ Rxe7 23. dxe7 Ke8 24. g4 g5 25.
Kg2 Bc4 26. a3 Bd5+ 27. Kg3 a6 28. h4 h6 29. hxg5 hxg5 30. f4 Kf7 31. fxg5
fxg5 32. Kf2 Ke8 33. Ke3 d6 34. Bxd6 Bf7 35. Ke4 Kd7 36. Bb4 Ke6 37. a4 Kf6
38. Kd4 Ke6 39. Kc5 Kd7 40. Kb6 a5 41. Bxa5 Kxe7 42. Kxc6 Be6 43. Bb4+ Kf6
44. a5 Bxg4 45. a6 Bf5 46. a7 g4 47. Kc7 Be4 48. Bc5 g3 49. Bd4+ Ke6 50. b4
g2 51. b5 Kf5 52. b6 Kg4 53. b7 Bxb7 54. Kxb7 Kh3 55. a8=Q Kh2 56. Qh8+ Kg3
57. Qe5+ Kg4 58. Qe4+ Kg5 59. Qxg2+ Kf4 60. Qf2+ Ke4 61. Qe3+ Kd5 62. Qe5+
Kc4 63. Qc5+ Kd3 64. Be3 Ke4 65. Qd4+ Kf3 66. Qf4+ Ke2 67. Qf2+ Kd3 68.
Qd2+ Ke4 69. c4 Ke5 70. c5 Ke4 71. c6 Ke5 72. c7 Ke4 73. c8=Q Ke5 74. Bf4+
Kf6 75. Qf8+ Ke6 76. Qdd6# { Black checkmated } 1-0

[Event "ICC tourney 2516 (60 10)"]
[Site "Internet Chess Club"]
[Date "2021.04.17"]
[Round "3"]
[White "WANG, LUCAS RONG CHEN:MagnetAEM"]
[Black "ZHANG, MOHAN:momozhang"]
[Result "1-0"]
[ICCResult "Black checkmated"]
[WhiteElo "1080"]
[BlackElo "824"]
[Opening "Queen's gambit declined"]
[ECO "D35"]
[NIC "QP.08"]
[Time "16:30:36"]
[PlyCount "51"]
[TimeControl "3600+10"]

1. d4 d5 2. c4 e6 3. cxd5 exd5 4. Nc3 Nf6 5. Nf3 Nc6 6. Bg5 Be7 7. e3 Bf5
8. Bd3 Bxd3 9. Qxd3 Nb4 10. Qd2 Qd6 11. a3 Nc6 12. O-O O-O 13. Qc2 Ng4 14.
Bf4 Qe6 15. h3 Nh6 16. Bxc7 Qg6 17. Qxg6 fxg6 18. Nxd5 Rac8 19. Nxe7+ Nxe7
20. Bd6 Rc6 21. Bxe7 Rf7 22. Bb4 Nf5 23. Ne5 Ng3 24. fxg3 Rxf1+ 25. Rxf1
Rc2 26. Rf8# { Black checkmated } 1-0

[Event "ICC tourney 2516 (60 10)"]
[Site "Internet Chess Club"]
[Date "2021.04.17"]
[Round "3"]
[White "HILL, LEO M:LeoMessy"]
[Black "Lam, Oliver H.Y.:OliverLam"]
[Result "1-0"]
[ICCResult "Black checkmated"]
[WhiteElo "952"]
[BlackElo "448"]
[Opening "Giuoco Pianissimo: Italian four knights variation"]
[ECO "C28"]
[NIC "VG.02"]
[Time "16:30:35"]
[PlyCount "63"]
[TimeControl "3600+10"]

1. e4 e5 2. Bc4 Nf6 3. Nc3 Nc6 4. Nf3 Bc5 5. d3 h6 6. Be3 Bb6 7. h3 O-O 8.
O-O d6 9. Qd2 Qe7 10. Nh4 Bxe3 11. fxe3 Be6 12. Nd5 Nxd5 13. exd5 Bd7 14.
dxc6 bxc6 15. Nf3 d5 16. Bb3 Rab8 17. d4 e4 18. Ne5 Rfe8 19. c4 dxc4 20.
Bxc4 c5 21. Bxf7+ Kh8 22. Ng6+ Kh7 23. Nxe7 Rxe7 24. dxc5 Rxf7 25. Rxf7 Be8
26. Rxc7 a6 27. Qd4 Bf7 28. Rxf7 Rg8 29. Qxe4+ Kh8 30. Qg6 a5 31. a4 Re8
32. Qxg7# { Black checkmated } 1-0

[Event "ICC tourney 2516 (60 10)"]
[Site "Internet Chess Club"]
[Date "2021.04.17"]
[Round "3"]
[White "Alibhai, Aiyan Zain:Aza288"]
[Black "Ma, Dorothy:Rosey9"]
[Result "0-1"]
[ICCResult "White checkmated"]
[WhiteElo "424"]
[BlackElo "771"]
[Opening "Queen's pawn, Mason variation"]
[ECO "D00"]
[NIC "QP.08"]
[Time "16:32:39"]
[PlyCount "70"]
[TimeControl "3600+10"]

1. d4 d5 2. Bf4 Nf6 3. e3 e6 4. Bd3 c5 5. c3 Nc6 6. Nd2 Bd6 7. Bg3 O-O 8.
Ngf3 h6 9. Bxd6 Qxd6 10. O-O c4 11. Bc2 Bd7 12. Ne5 Nxe5 13. dxe5 Qxe5 14.
f4 Qxe3+ 15. Rf2 Qb6 16. Rb1 Rfe8 17. g4 e5 18. g5 Ng4 19. Qxg4 Bxg4 20. g6
f6 21. f5 e4 22. Kf1 e3 23. Rg2 Bh3 24. Nf3 Bxg2+ 25. Kxg2 e2 26. Ba4 Re7
27. Nd4 Qd6 28. Ne6 Qe5 29. Re1 Qxf5 30. Rxe2 Rxe6 31. Rxe6 Qxe6 32. Bc2
Qe2+ 33. Kg1 Qxc2 34. Kh1 Re8 35. Kg1 Re1# { White checkmated } 0-1

[Event "ICC tourney 2516 (60 10)"]
[Site "Internet Chess Club"]
[Date "2021.04.17"]
[Round "3"]
[White "KYRIACOU, ARIS:AriWinsU"]
[Black "Gaw, Zachary:zman-g"]
[Result "0-1"]
[ICCResult "White checkmated"]
[WhiteElo "962"]
[BlackElo "727"]
[Opening "Queen's pawn, Mason variation"]
[ECO "D00"]
[NIC "QP.08"]
[Time "16:31:00"]
[PlyCount "38"]
[TimeControl "3600+10"]

1. d4 d5 2. Bf4 Nf6 3. e3 Bf5 4. c4 c6 5. c5 e6 6. Nf3 Be7 7. Ne5 O-O 8.
Qb3 Nbd7 9. Qxb7 Nxe5 10. Bxe5 Ne4 11. Bd3 Nxf2 12. Kxf2 Bxd3 13. Rd1 Be4
14. Nc3 Bg6 15. Kf3 Bh5+ 16. g4 Bg6 17. h4 Bxh4 18. Bd6 Qf6+ 19. Ke2 Qf2# {
White checkmated } 0-1

[Event "ICC tourney 2516 (60 10)"]
[Site "Internet Chess Club"]
[Date "2021.04.17"]
[Round "3"]
[White "SHLISKY, CLARK:ClarkSps77"]
[Black "Iyer, Akash:akashiyer2012"]
[Result "1-0"]
[ICCResult "Black checkmated"]
[WhiteElo "950"]
[BlackElo "713"]
[Opening "Sicilian: Smith-Morra gambit"]
[ECO "B21"]
[NIC "SI.48"]
[Time "16:30:53"]
[PlyCount "91"]
[TimeControl "3600+10"]

1. e4 c5 2. d4 cxd4 3. Qxd4 Nc6 4. Qd1 g6 5. Bc4 Bg7 6. Nc3 d6 7. Nf3 Nf6
8. Bf4 O-O 9. O-O Bd7 10. Re1 Re8 11. Ng5 e6 12. e5 dxe5 13. Bxe5 Nxe5 14.
Rxe5 Rc8 15. Bd3 Ng4 16. Re4 Qxg5 17. Rxg4 Qc5 18. Ne4 Qf5 19. Nd6 Qd5 20.
Nxe8 Bxe8 21. Rh4 Bc6 22. f3 Bd4+ 23. Kh1 Bxb2 24. Bc4 Qe5 25. Rb1 Bc3 26.
Qd3 Bb2 27. f4 Qa5 28. Qh3 Bc1 29. Rxc1 Rd8 30. Rxh7 Rd2 31. Rh8+ Kg7 32.
Qh6+ Kf6 33. Qg5+ Kg7 34. Qxa5 Bxg2+ 35. Kg1 Bf3 36. Qxd2 Kxh8 37. Qd4+ Kg8
38. Qxa7 Kg7 39. Kf2 Bg4 40. Qxb7 e5 41. fxe5 Bf5 42. Qxf7+ Kh6 43. Qf8+
Kg5 44. h4+ Kxh4 45. Qh6+ Kg4 46. Be2# { Black checkmated } 1-0

[Event "ICC tourney 2516 (60 10)"]
[Site "Internet Chess Club"]
[Date "2021.04.17"]
[Round "3"]
[White "Romig, Olive:icicle333"]
[Black "VARMA, ANAY:anayvarma"]
[Result "0-1"]
[ICCResult "White checkmated"]
[WhiteElo "601"]
[BlackElo "879"]
[Opening "Three knights game"]
[ECO "C46"]
[NIC "KP.06"]
[Time "16:35:54"]
[PlyCount "60"]
[TimeControl "3600+10"]

1. e4 e5 2. Nf3 Nc6 3. Nc3 Bc5 4. Bc4 h6 5. d3 Nf6 6. O-O d6 7. h3 O-O 8.
Nh4 Be6 9. Bxe6 fxe6 10. d4 Nxd4 11. Re1 d5 12. exd5 Nxd5 13. Rxe5 Qxh4 14.
Nxd5 Qxf2+ 15. Kh1 Bd6 16. Re1 Qg3 17. Bf4 Bxf4 18. Nxf4 Rxf4 19. Qd2 Rf2
20. Qxf2 Qxf2 21. Rf1 Qxc2 22. Rf4 e5 23. Rff1 Ne2 24. b3 Ng3+ 25. Kg1 Nxf1
26. Kxf1 Rf8+ 27. Ke1 Qc3+ 28. Ke2 Qc2+ 29. Ke3 Qc3+ 30. Ke4 Qd4# { White
checkmated } 0-1

[Event "ICC tourney 2516 (60 10)"]
[Site "Internet Chess Club"]
[Date "2021.04.17"]
[Round "3"]
[White "Burton, Charles:NiceTractor"]
[Black "MARCAL, ZIVA:SpeyerZivaM"]
[Result "1/2-1/2"]
[ICCResult "Game drawn because neither player has mating material"]
[WhiteElo "989"]
[BlackElo "726"]
[Opening "Sicilian: Smith-Morra gambit"]
[ECO "B21"]
[NIC "SI.48"]
[Time "16:30:43"]
[PlyCount "122"]
[TimeControl "3600+10"]

1. e4 c5 2. d4 cxd4 3. Qxd4 Nc6 4. Qd1 e5 5. Nf3 Bc5 6. Bc4 Nf6 7. Nc3 O-O
8. O-O d6 9. h3 Be6 10. Bxe6 fxe6 11. Ng5 d5 12. Nxe6 Qd7 13. Nxc5 Qe7 14.
Nb3 d4 15. Ne2 Rad8 16. Bd2 d3 17. cxd3 Rxd3 18. Qc2 Rfd8 19. Ba5 Nxa5 20.
Nxa5 Rd2 21. Qc4+ Kf8 22. Nb3 Rxb2 23. Qc3 Rxe2 24. Rfe1 Rxe4 25. Rxe4 Nxe4
26. Qe3 Qh4 27. Nc5 Nxc5 28. Qxc5+ Kg8 29. Qxe5 Rf8 30. Qe6+ Kh8 31. Rf1 h6
32. Qd6 Rd8 33. Qg6 Rd2 34. Qe8+ Kh7 35. Qe6 Qg5 36. Qe4+ Kh8 37. Ra1 Qd5
38. Qxd5 Rxd5 39. Rb1 b5 40. Ra1 a5 41. a4 b4 42. Rb1 Rd4 43. Rb3 Rd5 44.
Kh2 Rf5 45. f3 g5 46. Kg3 h5 47. h4 gxh4+ 48. Kxh4 Kg7 49. g4 hxg4 50. Kxg4
Rf6 51. Kg5 Rc6 52. Kf4 Rc3 53. Rb2 b3 54. Ke4 Rc4+ 55. Kd3 Rxa4 56. Rxb3
Rb4 57. Rxb4 axb4 58. Kc4 Kg6 59. Kxb4 Kf5 60. Kc4 Kf4 61. Kd3 Kxf3 { Game
drawn because neither player has mating material } 1/2-1/2

[Event "ICC tourney 2516 (60 10)"]
[Site "Internet Chess Club"]
[Date "2021.04.17"]
[Round "3"]
[White "PHU, EMMA:elliephuy"]
[Black "Hu, Ruyi:Ruyi"]
[Result "0-1"]
[ICCResult "White checkmated"]
[WhiteElo "1014"]
[BlackElo "791"]
[Opening "Giuoco Pianissimo: Italian four knights variation"]
[ECO "C50"]
[NIC "IG.02"]
[Time "16:30:34"]
[PlyCount "40"]
[TimeControl "3600+10"]

1. e4 e5 2. Nf3 Nc6 3. Bc4 Bc5 4. Nc3 Nf6 5. d3 h6 6. O-O d6 7. h3 O-O 8.
Be3 Bb6 9. Qd2 Be6 10. Bb3 Qd7 11. Ne2 d5 12. exd5 Nxd5 13. Ng3 Rad8 14. c3
Nxe3 15. fxe3 Qxd3 16. Qxd3 Rxd3 17. Bc2 Rxe3 18. Kh1 Bd5 19. Nh4 Rxg3 20.
Rad1 Rxh3# { White checkmated } 0-1

[Event "ICC tourney 2516 (60 10)"]
[Site "Internet Chess Club"]
[Date "2021.04.17"]
[Round "3"]
[White "Liang, Warren:warrenl"]
[Black "ACEVEDO HERNANDEZ, KEYLA:NYHernandez"]
[Result "0-1"]
[ICCResult "White resigns"]
[WhiteElo "1118"]
[BlackElo "1258"]
[Opening "Sicilian: Alapin's variation (2.c3)"]
[ECO "B22"]
[NIC "SI.46"]
[Time "16:30:53"]
[PlyCount "50"]
[TimeControl "3600+10"]

1. e4 c5 2. c3 d5 3. exd5 Qxd5 4. c4 Qd6 5. Nc3 Nc6 6. Nf3 Bf5 7. d3 O-O-O
8. Ng5 Qg6 9. Nge4 Nf6 10. Qc2 Nd4 11. Qa4 Bxe4 12. dxe4 Nxe4 13. Qxa7 Nc2+
14. Ke2 Nxc3+ 15. Kf3 Qe4+ 16. Kg3 Nxa1 17. Qxc5+ Qc6 18. Qxc6+ bxc6 19.
bxc3 Nc2 20. Bf4 e6 21. Be2 Bd6 22. Bxd6 Rxd6 23. Bf3 Rd3 24. Kg4 Rxc3 25.
Bxc6 Rxc4+ { White resigns } 0-1

[Event "ICC tourney 2516 (60 10)"]
[Site "Internet Chess Club"]
[Date "2021.04.17"]
[Round "3"]
[White "PANG, OWEN J:C31chessP"]
[Black "Vostrikova, Maya:MayaVostrikova"]
[Result "1-0"]
[ICCResult "Black checkmated"]
[WhiteElo "887"]
[BlackElo "593"]
[Opening "French: advance variation"]
[ECO "B22"]
[NIC "SI.46"]
[Time "16:30:59"]
[PlyCount "73"]
[TimeControl "3600+10"]

1. e4 c5 2. c3 e6 3. d4 d5 4. e5 Nc6 5. Be3 c4 6. b3 cxb3 7. Qxb3 Bd7 8.
Bd3 Nge7 9. Nf3 g6 10. O-O Bg7 11. Nbd2 O-O 12. h3 b6 13. Qc2 Rc8 14. c4
dxc4 15. Nxc4 Na5 16. Qe2 Nxc4 17. Bxc4 Qc7 18. Rac1 Qc6 19. Ba6 Qa8 20.
Bxc8 Rxc8 21. Rxc8+ Qxc8 22. Bg5 Qe8 23. Bf6 Bb5 24. Qe1 Bxf1 25. Qxf1 Bxf6
26. exf6 Nd5 27. Qc1 Nxf6 28. Qc7 Qa4 29. Ng5 Nd7 30. Qd8+ Kg7 31. Qe7 Qxd4
32. Qxf7+ Kh6 33. Nf3 Qd1+ 34. Kh2 e5 35. g4 Qe2 36. g5+ Kh5 37. Qxh7# {
Black checkmated } 1-0

[Event "ICC tourney 2516 (60 10)"]
[Site "Internet Chess Club"]
[Date "2021.04.17"]
[Round "3"]
[White "Smith-Wang, Calder:chowchowchess"]
[Black "BANDREDDI, AARUSH:AarushB"]
[Result "0-1"]
[ICCResult "White checkmated"]
[WhiteElo "590"]
[BlackElo "876"]
[Opening "King's Indian: Zinnowitz variation"]
[ECO "E90"]
[NIC "KI.21"]
[Time "16:31:01"]
[PlyCount "48"]
[TimeControl "3600+10"]

1. d4 Nf6 2. Nf3 g6 3. c4 Bg7 4. Nc3 O-O 5. e4 d6 6. Bg5 Nc6 7. d5 Nb8 8.
e5 dxe5 9. Nxe5 Nh5 10. Ng4 c6 11. Qe2 Qa5 12. Qd2 Bxg4 13. Qe3 Qd8 14.
Bxe7 Qc7 15. Bxf8 Bxf8 16. Qg3 Nxg3 17. hxg3 Bg7 18. Ne4 Qa5+ 19. Nd2 cxd5
20. Rb1 dxc4 21. Bxc4 Bxb2 22. Rxb2 Qe5+ 23. Kf1 Qxb2 24. Ke1 Qc1# { White
checkmated } 0-1

[Event "ICC tourney 2516 (60 10)"]
[Site "Internet Chess Club"]
[Date "2021.04.17"]
[Round "3"]
[White "PATHANGE, CIAN:Finemerryjuice"]
[Black "YOON, JEREMY K:chessburger0220"]
[Result "1-0"]
[ICCResult "Black resigns"]
[WhiteElo "1125"]
[BlackElo "1235"]
[Opening "Queen's pawn, Mason variation, Steinitz counter-gambit"]
[ECO "D00"]
[NIC "QP.08"]
[Time "16:30:56"]
[PlyCount "127"]
[TimeControl "3600+10"]

1. d4 d5 2. Bf4 c5 3. c3 Nc6 4. e3 Bf5 5. Qb3 Qd7 6. Nf3 e6 7. Bb5 Nf6 8.
Ne5 Qc8 9. Qa4 a6 10. Bxc6+ bxc6 11. Qxc6+ Qxc6 12. Nxc6 Ne4 13. f3 Nf6 14.
Nd2 Rc8 15. Nb8 a5 16. Na6 Bd3 17. Nxc5 Bxc5 18. dxc5 Rxc5 19. Nb3 Rb5 20.
Kf2 a4 21. Rhd1 Bc2 22. Rdc1 axb3 23. axb3 Bxb3 24. Ra8+ Ke7 25. Rxh8 Bc4
26. Rc2 Bb3 27. Rd2 h6 28. Ra8 g5 29. Be5 Bc4 30. Bxf6+ Kxf6 31. g4 Ke5 32.
Rh8 Kf6 33. Rxh6+ Kg7 34. Rh3 e5 35. Rg3 e4 36. f4 gxf4 37. exf4 Bd3 38. h4
Ra5 39. f5 Ra1 40. h5 Rf1+ 41. Kg2 Re1 42. Rgxd3 exd3 43. Rxd3 Re2+ 44. Kf3
Rxb2 45. Rxd5 Rb3 46. Rd3 Kf6 47. Kf4 Rb2 48. Rh3 Rb3 49. h6 Rb8 50. c4 Rb4
51. g5+ Ke7 52. Rc3 f6 53. g6 Kf8 54. Ke4 Rb1 55. Kd5 Rh1 56. h7 Kg7 57.
Re3 Rh5 58. Re7+ Kh8 59. Re8+ Kg7 60. h8=Q+ Rxh8 61. Rxh8 Kxh8 62. c5 Kg8
63. c6 Kf8 64. c7 { Black resigns } 1-0

[Event "ICC tourney 2516 (60 10)"]
[Site "Internet Chess Club"]
[Date "2021.04.17"]
[Round "3"]
[White "Lee, Jesse:rubblepup"]
[Black "ZHANG, DEREK:Derekzh"]
[Result "0-1"]
[ICCResult "White checkmated"]
[WhiteElo "1241"]
[BlackElo "861"]
[Opening "Sicilian: Smith-Morra gambit"]
[ECO "B21"]
[NIC "SI.48"]
[Time "16:30:41"]
[PlyCount "198"]
[TimeControl "3600+10"]

1. e4 c5 2. d4 cxd4 3. c3 dxc3 4. Nxc3 e6 5. Nf3 Bb4 6. Bc4 Ne7 7. O-O Nbc6
8. Bf4 Bxc3 9. bxc3 a6 10. Qe2 O-O 11. Ne5 Nxe5 12. Bxe5 b5 13. Bb3 Bb7 14.
Bd6 Re8 15. Qg4 Ng6 16. Rfe1 Rc8 17. Rac1 Qb6 18. Bf4 Rc6 19. Bg5 Rec8 20.
Re3 b4 21. c4 Ne5 22. Qg3 Nxc4 23. Bxc4 Rxc4 24. Rxc4 Rxc4 25. Re1 Bxe4 26.
Bf6 g6 27. Qg5 Rc2 28. Rf1 Qb8 29. Qh4 Qa8 30. f3 Bf5 31. Qxb4 h5 32. Qd4
Qd5 33. Qa7 Qc5+ 34. Qxc5 Rxc5 35. Be7 Rc2 36. Rd1 d5 37. a3 Kg7 38. Rd4
Rc3 39. Ra4 Bd3 40. Rf4 e5 41. Bf6+ Kg8 42. Bxe5 Rxa3 43. Rd4 Bc4 44. Rd1
Rb3 45. Ra1 Kh7 46. Ra5 Rb5 47. Ra1 Kh6 48. Kf2 Kg5 49. f4+ Kf5 50. Kf3
Rb3+ 51. Kf2 g5 52. g3 gxf4 53. gxf4 f6 54. Bd4 Kxf4 55. Bxf6 Rd3 56. Re1
Rd2+ 57. Kg1 Re2 58. Rf1+ Ke3 59. Bg5+ Kd4 60. Bf6+ Kc5 61. Be7+ Kb5 62.
Bh4 Re4 63. Rb1+ Kc6 64. Bd8 Rg4+ 65. Kf2 Kd6 66. Rb6+ Ke5 67. Bc7+ Ke4 68.
Re6+ Kd3 69. Re3+ Kc2 70. Ba5 d4 71. Re1 d3 72. Ke3 Rg2 73. Bd2 Rxd2 74.
Kd4 Re2 75. Rxe2+ dxe2 76. Kxc4 e1=Q 77. Kd4 Qc3+ 78. Ke4 Kd2 79. Kf4 Qd3
80. Kg5 Qh7 81. Kf4 Qc7+ 82. Ke4 Qxh2 83. Kf3 Qh4 84. Kg2 Qb4 85. Kf3 Kc2
86. Ke3 Kb2 87. Kd3 Ka3 88. Kc2 Qb3+ 89. Kc1 Qa2 90. Kd1 Qb2 91. Ke1 Qc2
92. Kf1 Qd2 93. Kg1 Qe2 94. Kh1 Kb3 95. Kg1 Kc3 96. Kh1 Kd3 97. Kg1 Ke3 98.
Kh1 Kf3 99. Kg1 Qg2# { White checkmated } 0-1

[Event "ICC tourney 2516 (60 10)"]
[Site "Internet Chess Club"]
[Date "2021.04.17"]
[Round "3"]
[White "SLABIN, LEO:LeoNYC"]
[Black "BADAWI, JUDE:Judebestgm"]
[Result "0-1"]
[ICCResult "White checkmated"]
[WhiteElo "1004"]
[BlackElo "732"]
[Opening "Ruy Lopez: Berlin defense, open variation"]
[ECO "C67"]
[NIC "RL.07"]
[Time "16:30:40"]
[PlyCount "144"]
[TimeControl "3600+10"]

1. e4 e5 2. Nf3 Nc6 3. Bb5 Nf6 4. O-O Nxe4 5. d4 exd4 6. Re1 d5 7. Nxd4 Bc5
8. Be3 O-O 9. Nxc6 bxc6 10. Bxc6 Rb8 11. Bxc5 Nxc5 12. Qxd5 Qxd5 13. Bxd5
Rd8 14. h3 Bf5 15. c4 Rxb2 16. Rd1 Be6 17. Nc3 Bxd5 18. Rxd5 Rxd5 19. Nxd5
c6 20. Re1 Kf8 21. Nc7 g6 22. Ra1 Rb7 23. Na8 Ke8 24. Re1+ Kd8 25. Rd1+ Nd7
26. Rd6 Rb8 27. Rxc6 Rxa8 28. Kf1 Rc8 29. Rxc8+ Kxc8 30. Ke2 Kc7 31. Kd3
Kc6 32. Kd4 f5 33. Kc3 h5 34. Kb4 Kb6 35. a4 a5+ 36. Kb3 Nc5+ 37. Ka3 g5
38. f3 f4 39. Kb2 h4 40. Ka3 Ne6 41. Kb3 Nd4+ 42. Kc3 Ne2+ 43. Kd3 Ng3 44.
Kd4 Nf5+ 45. Kd5 Ne7+ 46. Kd6 Nc6 47. c5+ Kb7 48. Kd5 Ne7+ 49. Ke5 Kc6 50.
Kd4 Nf5+ 51. Ke5 Kxc5 52. Kxf5 Kb4 53. Kxg5 Kxa4 54. Kxh4 Kb4 55. Kg4 a4
56. Kxf4 a3 57. Kg3 a2 58. h4 a1=Q 59. Kg4 Qg7+ 60. Kh3 Kc4 61. Kh2 Kd3 62.
Kh3 Ke2 63. Kh2 Kf2 64. g4 Kxf3 65. g5 Kg4 66. h5 Kxh5 67. g6 Qxg6 68. Kh3
Qg4+ 69. Kh2 Kg5 70. Kh1 Kf4 71. Kh2 Kf3 72. Kh1 Qg2# { White checkmated }
0-1

[Event "ICC tourney 2516 (60 10)"]
[Site "Internet Chess Club"]
[Date "2021.04.17"]
[Round "3"]
[White "CHUN, MATTHIAS:Benjimc77"]
[Black "KLEIN, EDEN LILY:edenlilyklein"]
[Result "0-1"]
[ICCResult "White checkmated"]
[WhiteElo "753"]
[BlackElo "678"]
[Opening "Scandinavian defense"]
[ECO "B01"]
[NIC "SD.03"]
[Time "16:36:29"]
[PlyCount "134"]
[TimeControl "3600+10"]

1. e4 d5 2. exd5 Nf6 3. Nf3 Qxd5 4. Nc3 Qd8 5. Bc4 Nc6 6. d4 Bg4 7. Be3 e6
8. O-O Qd7 9. Qe2 O-O-O 10. Rfd1 Bb4 11. h3 Bh5 12. Bb5 Bxc3 13. bxc3 Rhe8
14. g4 Nxg4 15. hxg4 Bxg4 16. Bg5 f6 17. Qe4 Bf5 18. Qe3 Bxc2 19. Rd2 Bf5
20. Bf4 a6 21. Bxc6 Qxc6 22. Kf1 Bh3+ 23. Ke2 Bg4 24. Rd3 Qb6 25. Rdd1 Qb5+
26. Qd3 Qh5 27. Rh1 Qd5 28. Rhd1 e5 29. dxe5 Qxd3+ 30. Rxd3 Rxd3 31. Kxd3
Bxf3 32. exf6 gxf6 33. Rh1 Bxh1 34. Kd2 h5 35. Bg3 b5 36. Bh4 f5 37. Bg5
Bf3 38. Kd3 f4 39. Bxf4 h4 40. Kd2 h3 41. Kd3 Rg8 42. Ke3 Bg2 43. f3 Bf1
44. Kf2 Bc4 45. a3 Rg2+ 46. Ke3 h2 47. Bxh2 Rxh2 48. Kf4 Ra2 49. Ke5 a5 50.
f4 b4 51. cxb4 Rxa3 52. bxa5 Rxa5+ 53. Ke4 Bb3 54. f5 Bc2+ 55. Kf4 Rxf5+
56. Ke3 c5 57. Kd2 Ba4 58. Ke3 c4 59. Kd4 Bb5 60. Ke4 Rc5 61. Kd4 Rc7 62.
Kc3 Kd7 63. Kc2 c3 64. Kc1 c2 65. Kb2 c1=Q+ 66. Kb3 Qb1+ 67. Ka3 Ra7# {
White checkmated } 0-1

[Event "ICC tourney 2516 (60 10)"]
[Site "Internet Chess Club"]
[Date "2021.04.17"]
[Round "3"]
[White "ROHRS, SOPHIE:RainbowQueen"]
[Black "ROWLAND, NIKOLAS:ridikulous"]
[Result "0-1"]
[ICCResult "White checkmated"]
[WhiteElo "809"]
[BlackElo "1029"]
[Opening "Scotch: Schmidt variation"]
[ECO "C45"]
[NIC "SO.03"]
[Time "16:30:48"]
[PlyCount "70"]
[TimeControl "3600+10"]

1. e4 e5 2. Nf3 Nc6 3. d4 exd4 4. Nxd4 Nf6 5. Nc3 Bb4 6. Nxc6 bxc6 7. Bd3
d5 8. exd5 cxd5 9. O-O O-O 10. Bg5 Qd6 11. Nb5 Qe5 12. f4 Bc5+ 13. Kh1 Qe7
14. Re1 Qd8 15. Re2 Bg4 16. Nc3 Bxe2 17. Qxe2 c6 18. Re1 Re8 19. Qd1 Rxe1+
20. Qxe1 Qe8 21. Qf1 Nh5 22. Na4 Be3 23. c4 dxc4 24. Bxc4 h6 25. Bh4 Nxf4
26. Bb3 g5 27. Be1 Rd8 28. Bc3 Bd2 29. Bf6 Rd3 30. Bc2 Re3 31. h3 Re1 32.
Qxe1 Qxe1+ 33. Kh2 Qe2 34. Be4 Qxe4 35. g3 Qg2# { White checkmated } 0-1

[Event "ICC tourney 2516 (60 10)"]
[Site "Internet Chess Club"]
[Date "2021.04.17"]
[Round "3"]
[White "KUMAR, VIHAN:bangingcuberyt"]
[Black "GAO, LILIANNA:QueenOfBlade"]
[Result "0-1"]
[ICCResult "White checkmated"]
[WhiteElo "631"]
[BlackElo "998"]
[Opening "Queen's pawn: London system"]
[ECO "A45"]
[NIC "QP.07"]
[Time "16:33:04"]
[PlyCount "68"]
[TimeControl "3600+10"]

1. d4 Nf6 2. Bf4 g6 3. e3 Bg7 4. Nf3 d5 5. c4 c6 6. Nc3 O-O 7. h3 Qb6 8.
Qb3 Nbd7 9. Bd3 dxc4 10. Bxc4 Nh5 11. Bh2 c5 12. dxc5 Nxc5 13. Qc2 Rd8 14.
O-O Bf5 15. e4 Be6 16. Bxe6 Nxe6 17. Nd5 Qa5 18. Nc7 Rac8 19. Rfc1 Rd7 20.
b4 Qxb4 21. Rab1 Qa5 22. Rxb7 Nhf4 23. Bxf4 Nxf4 24. Qc6 Ne2+ 25. Kh2 Nxc1
26. Qxd7 Be5+ 27. Nxe5 Qxe5+ 28. Kh1 Rf8 29. Rxa7 Qxe4 30. Nb5 Qe1+ 31. Kh2
Ne2 32. h4 Qg1+ 33. Kh3 h5 34. g4 Nf4# { White checkmated } 0-1